 Dungeon Crawl Stone Soup version 0.26.0-10-g1f06aea511 (webtiles) character file.

Game seed: 4268893527760421253

211 MajorAdolf the Grave Robber (level 5, -1/42 HPs)
             Began as a Naga Necromancer on Jan 19, 2021.
             Was an Initiate of Gozag.
             Killed from afar by a white imp (10 damage)
             ... with a puff of frost
             ... on level 5 of the Dungeon.
             The game lasted 00:08:57 (5642 turns).

MajorAdolf the Grave Robber (Naga Necromancer)      Turns: 5642, Time: 00:08:58

Health: -1/42      AC: -1    Str: 10    XL:     5   Next: 88%
Magic:  5/10       EV: 10    Int: 17    God:    Gozag
Gold:   222        SH:  0    Dex: 11    Spells: 2/11 levels left

rFire    . . .     SeeInvis +   l - +2 dagger (venom)
rCold    . . .     Faith    .   (no shield)
rNeg     . . .     Spirit   .   a - +0 robe
rPois    +         Reflect  .   (no helmet)
rElec    .         Harm     .   (no cloak)
rCorr    .         Rampage  .   (no gloves)
Will     .....                  (no barding)
Stlth    ++........             (no amulet)
HPRegen  0.14/turn              (no ring)
MPRegen  0.12/turn              (no ring)

@: corroded, very slow
A: large, see invisible, deformed body, poison resistance, slowness 2, spit
poison 1, AC +1
a: Spit Poison, Renounce Religion, Potion Petition, Call Merchant, Bribe Branch


You were on level 5 of the Dungeon.
You worshipped Gozag.
Gozag was aware of your devotion.
You visited 2 branches of the dungeon, and saw 6 of its levels.

You collected 273 gold pieces.
You paid 51 gold pieces to Gozag.

Inventory:

Hand Weapons
 l - a +2 dagger of venom (weapon)
Armour
 a - a +0 robe (worn)
Jewellery
 m - a cursed amulet of inaccuracy {unknown}
 q - a cursed -4 ring of strength {unknown}
Wands
 p - a wand of digging (8)
Scrolls
 c - 3 scrolls of remove curse {unknown}
 e - a scroll of identify {unknown}
 f - a scroll of enchant weapon {unknown}
 g - 4 scrolls of amnesia {unknown}
 i - 2 scrolls of magic mapping {unknown}
 k - 5 scrolls of teleportation {unknown}
 n - a scroll of immolation {unknown}
Potions
 b - a potion of lignification {unknown}
 d - a potion of cancellation {unknown}
 h - a potion of brilliance {unknown}
 j - a potion of invisibility {unknown}
 o - 2 potions of flight {unknown}
 r - a potion of curing {unknown}


   Skills:
 - Level 1.5 Dodging
 - Level 3.0 Stealth
 + Level 3.5 Spellcasting
 * Level 6.1 Necromancy
 + Level 0.0 Evocations


You had 2 spell levels left.
You knew the following spells:

 Your Spells              Type           Power        Failure   Level
a - Pain                  Necr           92%          1%          1
b - Animate Skeleton      Necr           46%          1%          1
c - Vampiric Draining     Necr           11%          4%          3
d - Animate Dead          Necr           11%          14%         4

Your spell library contained the following spells:

 Spells                   Type           Power        Failure   Level
 Agony                    Necr           23%          36%         5
 Haunt                    Necr/Summ      6%           100%        7
 Borgnjor's Revivificati  Necr           11%          100%        8
 Infestation              Necr           11%          100%        8
 Necromutation            Tmut/Necr      6%           100%        8
 Death's Door             Necr           11%          100%        9


Dungeon Overview and Level Annotations

Branches:
Dungeon (5/15)             Temple (1/1) D:4

Altars:
Ashenzari
Dithmenos
Elyvilon
Gozag
Hepliaklqana
Kikubaaqudgha
Makhleb
Nemelex Xobeh
Okawaru
Qazlal
Sif Muna
Uskayaw
Vehumet
Wu Jian
Xom
Yredelemnul
Zin

Annotations:
D:4 2 transporters, Menkaure


Innate Abilities, Weirdness & Mutations

You cannot wear boots.
Your serpentine skin is tough. (AC +1)
You have supernaturally acute eyesight. (SInv)
Armour fits poorly on your strangely shaped body.
Your system is resistant to poisons. (rPois)
You cover ground very slowly.
You can spit poison.


Message History

The white imp hits you. The white imp freezes you.
Casting: Pain (safe; 1% risk of failure)
Confirm with . or Enter, or press ? or * to list all spells.
Aiming: Pain (safe; 1% risk of failure)
Press: ? - help, Shift-Dir - straight line, f/p - jelly
Aim: a jelly (heavily wounded, chance to affect: 88%)
The jelly writhes in agony.
The jelly hits you.
You are splashed with acid!
The white imp misses you.
Casting: Pain (safe; 1% risk of failure)
Confirm with . or Enter, or press ? or * to list all spells.
Aiming: Pain (safe; 1% risk of failure)
Press: ? - help, Shift-Dir - straight line, f/p - jelly
Aim: a jelly (almost dead, chance to affect: 88%)
The jelly writhes in agony.
The jelly hits you. The acid corrodes you!
You are splashed with acid!
* * * LOW HITPOINT WARNING * * *
The white imp gestures at you. The puff of frost hits you!
You die...
Your body crumbles into a pile of gold.

.........###...........##
....#......#............#
.## #..##.##............#
###........##.##.....##
#.......##.##........#
#.##..###...##...#..## .
... ###...........#.##
..#### ##...5........###
....#.##....J@#...)....##
..............#......(..##
.............###....<....#
......###...## #####.#..##
...... .....# ######
............#
............#
.^##..(.(.... ).
..........


You could see a jelly and a white imp.

Vanquished Creatures
  An orc priest (D:4)
  An orc wizard (D:3)
  A howler monkey skeleton (D:4)
  5 adders
  An ufetubus (D:5)
  2 oozes
  An adder zombie (D:5)
  A worm (D:2)
  2 dart slugs
  3 leopard geckos
  8 orcs
  2 ball pythons
  8 giant cockroaches
  7 goblins
  7 hobgoblins
  A quokka (D:5)
  6 bats
  A frilled lizard (D:2)
  2 kobolds
  6 rats
66 creatures vanquished.

Notes
Turn   | Place    | Note
-------+----------+-------------------------------------------
     0 | D:1      | MajorAdolf the Naga Necromancer began the quest for the
                  | Orb.
     0 | D:1      | Reached XP level 1. HP: 15/15 MP: 3/3
   433 | D:1      | Reached XP level 2. HP: 19/22 MP: 1/5
   558 | D:1      | Learned a level 1 spell: Animate Skeleton
  1513 | D:2      | Reached XP level 3. HP: 20/28 MP: 1/6
  1599 | D:2      | Learned a level 3 spell: Vampiric Draining
  2367 | D:2      | Reached skill level 5 in Necromancy
  2445 | D:2      | Reached XP level 4. HP: 35/36 MP: 6/8
  2853 | D:3      | Found a faded altar of an unknown god.
  3253 | D:3      | Reached XP level 5. HP: 35/42 MP: 3/9
  3690 | D:4      | Found a staircase to the Ecumenical Temple.
  3703 | Temple   | Entered the Ecumenical Temple
  3917 | Temple   | Became a worshipper of Gozag Ym Sagoz the Greedy
  3935 | D:4      | Found a basalt altar of Yredelemnul.
  3937 | D:4      | Found a transporter.
  4015 | D:4      | Found a stormy altar of Qazlal.
  4261 | D:4      | Noticed a phantom
  4580 | D:4      | Noticed Menkaure
  4582 | D:4      | Found an ancient bone altar of Kikubaaqudgha.
  4585 | D:4      | Found a transporter.
  4643 | D:4      | Noticed a necrophage
  4776 | D:4      | Reached skill level 6 in Necromancy
  4986 | D:4      | Found an ornate altar of the Wu Jian Council.
  5100 | D:4      | Learned a level 4 spell: Animate Dead
  5228 | D:5      | Entered Level 5 of the Dungeon
  5642 | D:5      | Killed from afar by a white imp

Illustrated notes

Levels and vault maps discovered:
D:1:      sevenhm_arrival_forest_fort_small_6, layout_loops_ring
D:2:      layout_basic
D:3:      layout_rooms, chequers_ecumenical_altar_twisty
D:4:      layout_loops_ring, gammafunk_temple_of_torment,
          nzn_wu_jian_contemplation, old_standard_altar, temple_statues,
          minmay_misc_feat_rugged
D:5:      layout_cave_pools, uniq_duvessa
Temple:   nicolae_temple_figure_eight

Skill      XL: |  1  2  3  4  5 |
---------------+----------------+-----
Necromancy     | 5 6 |  6.1
Spellcasting   | 3 |  3.5
Dodging        | |  1.5
Stealth        | |  3.0

Action                   |  1- 3 |  4- 6 || total
-------------------------+-------+-------++-------
Melee: Unarmed           |     3 |       ||     3
       Dagger            |       |    19 ||    19
 Cast: Pain              |    62 |    81 ||   143
       Animate Skeleton  |     2 |       ||     2
 Abil: Spit Poison       |    12 |     5 ||    17
 Stab: Sleeping          |       |     1 ||     1
Armor: Robe              |       |     5 ||     5
Dodge: Dodged            |    16 |    28 ||    44
